AoeStats
← 46134864

Arena

508216252Analyzed
4v4 RM · 11d ago on Sep 21, 2026· 39m 7s· 8 players
Game mode
Random Map
Map size
Large (8 player)
Population
200
Speed
Normal
Resources
Standard
Victory
Conquest
Starting age
Dark Age
Ending age
Imperial Age
RankedLock teamsTeams togetherTeam positionsShared explorationLock speedFull tech treeHidden civsTurbo modeCheats
Victory
Defeat
🇮🇳 Chinese · India
1171
+15
🇩🇪 Georgians · Germany
1164
+15
🇨🇳 Hindustanis · China
1155
+15
🇨🇳 Spanish · China
1136
+16
🇮🇹 Ethiopians · Italy
1196
-17
1145
-15
🇺🇸 Gurjaras · United States
1124
-15
🇮🇳 Spanish · India
1108
-14
Idle
11:01 Feudal Age
14:32 Castle Age
12:24 Double-Bit Axe
12:41 Horse Collar
18:05 Fletching
19:26 Forging
22:18 Bow Saw
22:13 Heavy Plow
22:35 Gold Mining
23:02 Bloodlines
23:16 Husbandry
23:10 Light Cavalry
25:08 Wheelbarrow
24:18 Loom
25:12 Wheelbarrow
24:23 Town Watch
25:36 Bodkin Arrow
27:19 Iron Casting
26:51 Scale Barding Armor
27:18 Hand Cart
28:08 Ballistics
27:41 Treadmill Crane
28:46 Town Patrol
29:44 Scale Mail Armor
30:06 Chain Barding Armor
30:00 Masonry
33:39 Imperial Age
31:27 Chain Mail Armor
31:27 Stone Mining
31:37 Pikeman
32:17 Squires
32:03 Arson
32:45 Guard Tower
34:06 Stone Shaft Mining
33:46 Hussar
35:03 Plate Barding Armor
35:29 Blast Furnace
35:10 Crop Rotation
34:38 Halberdier
36:48 Svan Towers
37:04 Conscription
37:21 Plate Mail Armor
37:30 Keep
36:41 Arrowslits
37:03 Siege Engineers
37:31 Architecture
38:54 Chemistry
38:55 Aznauri Cavalry
38:53 Bracer
38:53 Murder Holes
39:04 Siege Engineers
Ranger-Lee
10:29 Feudal Age
11:34 Double-Bit Axe
14:07 Castle Age
11:58 Horse Collar
15:38 Bow Saw
18:59 Fervor
19:07 Heavy Plow
20:18 Wheelbarrow
23:13 Hand Cart
25:23 Gold Mining
28:30 Imperial Age
25:49 Loom
25:50 Town Watch
26:28 Scale Barding Armor
26:34 Forging
27:30 Chain Barding Armor
27:43 Husbandry
27:53 Bloodlines
28:47 Iron Casting
28:43 Heavy Camel Rider
30:03 Plate Barding Armor
31:42 Blast Furnace
32:01 Two-Man Saw
31:09 Imperial Camel Rider
32:27 Conscription
32:15 Grand Trunk Road
34:03 Gold Shaft Mining
35:05 Stone Mining
37:45 Scale Mail Armor
37:45 Padded Archer Armor
37:35 Fletching
46134864
10:44 Feudal Age
15:09 Castle Age
14:42 Loom
14:44 Double-Bit Axe
14:54 Gold Mining
14:48 Horse Collar
15:11 Town Watch
15:13 Loom
31:14 Wheelbarrow
36:06 Imperial Age
34:20 Bow Saw
35:11 Wheelbarrow
Sexy COWWWWWWW
0:32 Loom
10:25 Feudal Age
14:16 Castle Age
12:59 Double-Bit Axe
13:11 Horse Collar
13:36 Stone Mining
16:51 Loom
20:42 Gold Mining
26:28 Imperial Age
24:32 Bow Saw
24:56 Fletching
25:07 Padded Archer Armor
25:15 Heavy Plow
26:21 Bodkin Arrow
26:42 Leather Archer Armor
28:11 Bracer
30:08 Town Watch
30:59 Wheelbarrow
32:57 Chemistry
33:20 Ring Archer Armor
33:19 Ballistics
33:54 Thumb Ring
34:52 Gold Shaft Mining
34:53 Stone Shaft Mining
36:20 Conscription
36:05 Town Patrol
36:20 Hand Cart
38:36 Hand Cart
39:55 Two-Man Saw
aRawDeal
9:26 Feudal Age
8:14 Loom
9:39 Loom
13:18 Castle Age
11:09 Double-Bit Axe
13:14 Wheelbarrow
17:52 Sanctity
27:37 Fletching
28:33 Bodkin Arrow
30:27 Horse Collar
31:17 Town Watch
33:42 Heavy Plow
34:54 Hand Cart
35:16 Scale Barding Armor
35:22 Gold Mining
36:26 Masonry
37:36 Chain Barding Armor
38:52 Ballistics
42:07 Imperial Age
Yisus Patitas Suaves
10:23 Feudal Age
14:35 Castle Age
12:39 Double-Bit Axe
14:15 Wheelbarrow
13:40 Horse Collar
20:45 Heavy Plow
21:08 Bow Saw
22:51 Gold Mining
22:53 Stone Mining
28:26 Imperial Age
26:07 Scale Mail Armor
26:18 Forging
26:59 Gold Shaft Mining
27:00 Stone Shaft Mining
27:51 Hand Cart
27:21 Loom
27:22 Town Watch
27:55 Chain Mail Armor
28:54 Iron Casting
28:09 Fletching
28:54 Ballistics
28:39 Padded Archer Armor
28:43 Squires
28:29 Arson
28:05 Pikeman
28:56 Husbandry
28:54 Heavy Camel Rider
30:18 Conscription
30:29 Bloodlines
30:29 Grand Trunk Road
31:20 Scale Barding Armor
32:16 Blast Furnace
31:12 Bodkin Arrow
31:33 Leather Archer Armor
31:30 Town Patrol
32:33 Two-Man Saw
32:19 Thumb Ring
31:45 Elite Skirmisher
32:23 Bodkin Arrow
32:43 Leather Archer Armor
32:37 Imperial Camel Rider
34:53 Chain Barding Armor
34:34 Bracer
35:21 Ring Archer Armor
37:34 Plate Barding Armor
メHANSメ
10:44 Feudal Age
10:17 Loom
14:31 Castle Age
12:28 Double-Bit Axe
14:52 Horse Collar
24:39 Wheelbarrow
23:51 Town Watch
28:31 Imperial Age
lillithadam20
11:02 Feudal Age
12:20 Double-Bit Axe
12:30 Gold Mining
12:25 Horse Collar
15:00 Castle Age
15:51 Bow Saw
22:46 Wheelbarrow
27:55 Imperial Age
28:18 Onager
32:51 Fletching
33:01 Padded Archer Armor
34:43 Two-Man Saw
35:32 Bodkin Arrow
35:53 Leather Archer Armor
36:40 Chemistry
37:20 Bracer
37:51 Ring Archer Armor
37:49 Ballistics
37:55 Crossbowman
38:41 Thumb Ring
38:39 Arbalester
Connection lost

Rejoining the realm…

Still unreachable

The connection could not be restored.

Session expired

The server has moved on; the page needs a fresh start.